 Dungeon Crawl Stone Soup version 0.31.0-32-g396128a36d (webtiles) character file.

Game seed: 18219343721783208238

396470 sono the Slayer (level 22, -10/163 HPs)
             Began as a Gargoyle Fighter on Mar 30, 2024.
             Was an Initiate of Gozag.
             Shot with an arrow by a deep elf master archer (21 damage)
             ... on level 3 of the Elven Halls on Apr 1, 2024.
             The game lasted 07:56:03 (72583 turns).

sono the Slayer (Gargoyle Fighter)                 Turns: 72583, Time: 07:56:05

Health: -10/163    AC: 68    Str: 30    XL:     22   Next: 85%
Magic:  30/30      EV:  8    Int:  8    God:    Gozag
Gold:   10495      SH:  0    Dex: 11    Spells: 31/31 levels left

rFire   + + +        a - +7 great mace "Firestarter" {flame, immolate, rFlCloud rF++}
rCold   + + .        (shield currently unavailable)
rNeg    + + +        t - +8 gold dragon scales
rPois   ∞            e - +4 helmet of the Three Nightcaps {+Blink rC- rN+++ Dex+2}
rElec   +            f - +4 cloak "Ciasuw" {Fly rC+ rN+ Slay+3}
rCorr   .            o - +2 pair of gloves
SInv    +            T - +1 pair of boots
Will    +++..        S - amulet "Uthireutz" {rF+ Regen+ SInv} Stlth
                     h - ring of protection from cold
HPRegen 1.27/turn    j - ring "Bimi" {rF- rN+ Will++ SInv}
MPRegen 0.22/turn

%: no passive effects
@: gold aura, flying, studying Throwing
A: sickness immunity, AC +16, big wings, negative energy resistance 1,
electricity resistance, torment resistance 1, petrification resistance, dopey 1
}: 3/15 runes: decaying, serpentine, abyssal
a: Renounce Religion, Evoke Blink, Potion Petition, Call Merchant, Bribe Branch


You were on level 3 of the Elven Halls.
You worshipped Gozag.
Gozag was extremely pleased with you.
You visited 10 branches of the dungeon, and saw 41 of its levels.
You visited the Abyss 4 times.
You also visited: Trove, Sewer, Gauntlet and Ice Cave.

You collected 18568 gold pieces.
You spent 3292 gold pieces at shops.
You paid 4781 gold pieces to Gozag.

Inventory:

Hand Weapons
 a - the +7 great mace "Firestarter" (weapon) {flame, immolate, rFlCloud rF++}
   (You bought it in a shop on level 1 of the Depths)

   rFlCloud:  It grants immunity to clouds of flame.
   rF++:      It greatly protects you from fire.
 A - the +7 hand cannon of Motriext {flame, Will+ Str+3}
   (You found it in a treasure trove)

   Str+3:     It affects your strength (+3).
   Will+:     It increases your willpower.
 K - a +2 eveningstar of draining
 P - a +2 heavy hand cannon
 X - a +1 spectral broad axe
Missiles
 d - 14 silver javelins
 y - 24 curare-tipped darts (quivered)
 L - a throwing net
 U - 9 javelins
Armour
 e - the +4 helmet of the Three Nightcaps (worn) {+Blink rC- rN+++ Dex+2}
   (You acquired it on level 1 of the Vaults)

   Dex+2:     It affects your dexterity (+2).
   rC-:       It makes you vulnerable to cold.
   rN+++:     It renders you almost immune to negative energy.
   +Blink:    It lets you blink.
 f - the +4 cloak "Ciasuw" (worn) {Fly rC+ rN+ Slay+3}
   (You acquired it on level 2 of the Swamp)

   Slay+3:    It affects your accuracy & damage with ranged weapons and melee
   (+3).
   rC+:       It protects you from cold.
   rN+:       It protects you from negative energy.
   Fly:       It grants you flight.
 o - a +2 pair of gloves (worn)
 s - a +0 pair of gloves of infusion
 t - +8 gold dragon scales (worn)
 M - a scarf of invisibility
 T - a +1 pair of boots (worn)
Jewellery
 c - the ring "Fudan" {rF+ Str+4 SInv}
   (You took it off Rupert on level 13 of the Dungeon)

   [ring of see invisible]

   Str+4:     It affects your strength (+4).
   rF+:       It protects you from fire.
   SInv:      It lets you see invisible.
 h - a ring of protection from cold (left hand)
 j - the ring "Bimi" (right hand) {rF- rN+ Will++ SInv}
   (You found it in a treasure trove)

   [ring of see invisible]

   rF-:       It makes you vulnerable to fire.
   rN+:       It protects you from negative energy.
   Will++:    It greatly increases your willpower.
   SInv:      It lets you see invisible.
 p - a ring of willpower
 G - a ring of positive energy
 H - a ring of resist corrosion
 I - the ring of Brilliance {rN++ SInv}
   (You found it on level 4 of the Snake Pit)

   [ring of see invisible]

   rN++:      It greatly protects you from negative energy.
   SInv:      It lets you see invisible.
 S - the amulet "Uthireutz" (around neck) {rF+ Regen+ SInv}
   (You bought it in a shop on level 7 of the Dungeon)

   [amulet of regeneration]

   rF+:       It protects you from fire.
   SInv:      It lets you see invisible.
   Regen+:    It increases your rate of health regeneration.
 Z - a +6 ring of strength
Wands
 g - a wand of roots (25)
 l - a wand of flame (55)
 F - a wand of acid (23)
Scrolls
 i - 3 scrolls of blinking
 q - 2 scrolls of summoning
 r - 7 scrolls of fog
 u - 8 scrolls of teleportation
 x - 7 scrolls of fear
 J - 9 scrolls of poison
 N - a scroll of enchant weapon
 O - 12 scrolls of revelation
 R - a scroll of torment
 W - a scroll of silence
Potions
 b - 4 potions of might
 m - 3 potions of experience
 n - 4 potions of heal wounds
 v - 3 potions of curing
 w - a potion of brilliance
 z - 3 potions of haste
 B - 5 potions of cancellation
 C - 2 potions of enlightenment
 D - a potion of berserk rage
 E - 3 potions of ambrosia
 Q - 2 potions of invisibility
 V - 4 potions of resistance
Miscellaneous
 k - a lightning rod (4/4)
 Y - a phial of floods


   Skills:
 + Level 24.9 Fighting
 + Level 21.8 Maces & Flails
 - Level 1.4 Throwing
 + Level 23.1 Armour
 + Level 9.6 Shields
 - Level 5.4 Spellcasting
 - Level 0.2 Necromancy
 - Level 9.0 Evocations


You had 31 spell levels left.
You didn't know any spells.
Your spell library contained the following spells:

 Spells                   Type           Power      Damage    Failure   Level
 Necrotise                Necr           8%         1d4       87%         1
 Freeze                   Ice            8%         1d3       88%         1
 Magic Dart               Conj           8%         1d3       88%         1
 Shock                    Conj/Air       8%         1d3       88%         1
 Slow                     Hex            8%         N/A       88%         1
 Sting                    Conj/Alch      8%         1d3       88%         1
 Momentum Strike          Conj/Tloc      4%         3d8       95%         2
 Scorch                   Fire           4%         2d5       95%         2
 Searing Ray              Conj           4%         2d4       95%         2
 Blink                    Tloc           4%         N/A       96%         2
 Ensorcelled Hibernation  Hex/Ice        4%         N/A       96%         2
 Lesser Beckoning         Tloc           4%         N/A       96%         2
 Mercury Vapours          Alch/Air       4%         N/A       96%         2
 Static Discharge         Conj/Air       4%         3-4/arc   96%         2
 Call Canine Familiar     Summ           2%         N/A       99%         3
 Confusing Touch          Hex            2%         N/A       99%         3
 Dazzling Flash           Conj/Hex       4%         N/A       99%         3
 Frozen Ramparts          Ice            4%         1d1       99%         3
 Fugue of the Fallen      Necr           2%         N/A       99%         3
 Gell's Gravitas          Tloc           2%         N/A       99%         3
 Hailstorm                Conj/Ice       2%         3d5       99%         3
 Ozocubu's Armour         Ice            2%         N/A       99%         3
 Sigil of Binding         Hex            2%         N/A       99%         3
 Stone Arrow              Conj/Erth      4%         3d7       99%         3
 Swiftness                Air            2%         N/A       99%         3
 Teleport Other           Tloc           2%         N/A       99%         3
 Tukima's Dance           Hex            2%         N/A       99%         3
 Vampiric Draining        Necr           2%         2d6       99%         3
 Volatile Blastmotes      Fire/Tloc      4%         2d10      99%         3
 Airstrike                Air            1%         2d(1-17)  100%        4
 Anguish                  Hex/Necr       1%         N/A       100%        4
 Animate Armour           Summ/Erth      4%         N/A       100%        4
 Dimensional Bullseye     Hex/Tloc       1%         N/A       100%        4
 Flame Wave               Conj/Fire      2%         2d4       100%        4
 Fulminant Prism          Conj/Alch      1%         3d5       100%        4
 Iskenderun's Mystic Bla  Conj/Tloc      2%         2d3       100%        4
 Leda's Liquefaction      Alch/Erth      1%         N/A       100%        4
 Manifold Assault         Tloc           2%         N/A       100%        4
 Martyr's Knell           Necr/Summ      2%         N/A       100%        4
 Olgreb's Toxic Radiance  Alch           2%         N/A       100%        4
 Summon Lightning Spire   Summ/Air       2%         N/A       100%        4
 Vhi's Electric Charge    Tloc/Air       4%         N/A       100%        4
 Arcjolt                  Conj/Air       1%         1d11      100%        5
 Curse of Agony           Necr           2%         N/A       100%        5
 Lee's Rapid Deconstruct  Erth           1%         3d4*      100%        5
 Metabolic Englaciation   Hex/Ice        1%         N/A       100%        5
 Summon Forest            Summ/Tloc      1%         N/A       100%        5
 Bombard                  Conj/Erth      1%         9d1       100%        6
 Dispersal                Tloc           1%         N/A       100%        6
 Eringya's Noxious Bog    Alch           1%         4d6       100%        6
 Sculpt Simulacrum        Ice/Alch       1%         N/A       100%        6
 Starburst                Conj/Fire      1%         6d3       100%        6
 Summon Cactus Giant      Summ           1%         N/A       100%        6
 Ozocubu's Refrigeration  Ice            1%         4d7       100%        7
 Summon Hydra             Summ           1%         N/A       100%        7
 Borgnjor's Revivificati  Necr           1%         N/A       100%        8
 Discord                  Hex            1%         N/A       100%        8
 Ignition                 Fire           1%         3d3       100%        8
 Infestation              Necr           1%         N/A       100%        8
 Lehudib's Crystal Spear  Conj/Erth      1%         10d2      100%        8
 Maxwell's Capacitive Co  Air            1%         ∞         100%        8
 Chain Lightning          Conj/Air       1%         3d1       100%        9
 Fire Storm               Conj/Fire      1%         7d1       100%        9
 Polar Vortex             Ice            1%         N/A       100%        9
 Shatter                  Erth           1%         3d5*      100%        9
 Cigotuvi's Dreadful Rot  Necr/Alch/Air  Unusable   N/A       N/A         2
 Sublimation of Blood     Necr           Unusable   N/A       N/A         2
 Animate Dead             Necr           Unusable   N/A       N/A         4

Dungeon Overview and Level Annotations

Branches:
Dungeon (15/15)            Temple (1/1) D:7            Lair (5/5) D:10
  Swamp (4/4) Lair:2        Snake (4/4) Lair:3        Slime (0/5) Lair:4
    Orc (2/2) D:12            Elf (3/3) Orc:2        Vaults (4/5) D:14
  Crypt (0/3) Vaults:3     Depths (2/4) D:15           Hell (visited)
  Sewer (visited)           IceCv (visited)         Gauntlet (visited)
    Dis: Hell:1         Geh: Hell:1         Coc: Hell:1         Tar: Hell:1

Altars:
Ashenzari
Cheibriados
Dithmenos
Elyvilon
Fedhas
Gozag
Hepliaklqana
Kikubaaqudgha
Makhleb
Nemelex Xobeh
Okawaru
Qazlal
Ru
Sif Muna
Trog
Uskayaw
Vehumet
Wu Jian
Xom
Yredelemnul
Zin
The Shining One

Shops:
D:7 =   D:8 (   Orc:1 ((   Orc:2 !((:   Snake:4 !(   Depths:1 [[(

Portals:
Hell: Depths:1
Pandemonium: Depths:2

Annotations:
Lair:5 Sonja
Elf:2 3 runed translucent doors
Vaults:2 2 transporters
Vaults:3 2 transporters, exclusion: obsidian statue
Vaults:4 Mennas
Hell Geryon


Innate Abilities, Weirdness & Mutations

You are immune to sickness and miasma.
Your stone body is resilient. (AC +16)
You are immune to poison.
Your large and strong wings let you fly.
You resist negative energy. (rN+)
You are resistant to electric shocks. (rElec)
You are resistant to unholy torment.
You are immune to petrification.
You are dopey. (Int -2)


Message History

The arrow hits you but does no damage.
The deep elf elementalist hits you but does no damage.
The deep elf master archer shoots an arrow.
The arrow hits you!
You bludgeon the +2 war axe of venom!!
The +2 war axe of venom is filled with an inner flame.
The +2 war axe of venom is no longer distracted by gold.
The +2 war axe of venom is severely damaged.
The +2 war axe of venom hits you but does no damage.
The deep elf master archer shoots an arrow.
The arrow hits you!
You bludgeon the +2 war axe of venom!!
The +2 war axe of venom explodes!
The fiery explosion engulfs the Tzitzimitl!
The Tzitzimitl is lightly wounded.
The fiery explosion engulfs the deep elf master archer!!
The deep elf master archer is moderately wounded.
The fiery explosion engulfs you but does no damage.
You hear a shout!
The deep elf elementalist closely misses you.
The deep elf demonologist mumbles some strange words.
The deep elf master archer is engulfed in blazing flames.
The deep elf master archer shoots an arrow.
The arrow hits you!
* * * LOW HITPOINT WARNING * * *
The deep elf master archer is engulfed in blazing flames.
The deep elf master archer shoots an arrow.
The arrow hits you!
* * * LOW HITPOINT WARNING * * *
The hellion gestures at you.
The sphere of damnation explodes!
The damnation engulfs you!!
* * * LOW HITPOINT WARNING * * *
The deep elf elementalist mumbles some strange words.
The deep elf elementalist seems to speed up.
The deep elf demonologist mumbles some strange words.
The deep elf master archer is engulfed in blazing flames.
The deep elf master archer shoots an arrow.
The arrow hits you!!
You die...
Your body crumbles into a pile of gold.

##.# #..# #.##
#$# #○# ####§#
###..☼.#
###..$...###
##...$.@....##
#....§§§.......
#....2e§.........
.....e14......$..
.....2...........
....⌠e.3.........
................
..........###...
........### ##


You could see a Tzitzimitl (summoned), a balrug (summoned), a deep elf master
archer, a deep elf elementalist (fast, empowered, repels missiles), a deep elf
demonologist (empowered), a rust devil (summoned), a smoke demon (summoned) and
a hellion (summoned).

Vanquished Creatures
  2 ancient liches (Abyss:3)
  Mara (Snake:3)
  Bai Suzhen (Snake:3)
  Nikola (Snake:4)
  A Hell Sentinel (Abyss:2)
  Rupert (D:13)
  4 liches (Abyss:3)
  Mlioglotl (Lair:3)
  A titan (Vaults:1)
  2 deep elf blademasters (Elf:3)
  A deep elf master archer (Elf:3)
  Gastronok (Lair:3)
  A tentacled starspawn (Abyss:2)
  The ghost of Barug the Brawler, an adept TrMo of Nemelex Xobeh (Depths:1)
  A sphinx (Depths:1)
  Kirke (D:15)
  2 storm dragons (D:14)
  5 nagarajas (Snake:4)
  2 tengu reavers
  Roxanne (D:15)
  An azure jelly (Lair:4)
  Aizul (Snake:3)
  6 fire giants
  3 fenstrider witches
  4 frost giants
  5 vault wardens
  3 deep elf sorcerers
  3 deep elf elementalists (Elf:3)
  An iron dragon (Depths:1)
  4 ghouls
  A caustic shrike zombie (Abyss:1)
  Louise (Snake:4)
  A reaper (IceCv)
  A cacodemon (Depths:1)
  A very ugly thing (Depths:1)
  4 stone giants
  An ironbound thunderhulk (Vaults:1)
  8 ironbound preservers
  2 vampire knights (Depths:1)
  8 deep elf demonologists
  2 deep elf death magi
  5 formless jellyfish
  5 eleionomae
  A minotaur (Gauntlet)
  6 deep elf annihilators
  The ghost of mihai the Blocker, a journeyman MiFi of Okawaru (Orc:1)
  9 bunyips
  2 war gargoyles
  15 dire elephants
  5 spark wasps
  Snorg (D:13)
  2 jiangshi (Depths:1)
  3 ettins
  2 fire dragons
  4 deep elf high priests
  3 yaktaur captains
  5 vault guards
  2 spriggan zombies (Abyss:1)
  7 ice dragons
  2 shambling mangroves (Swamp:4)
  27 hydras
  6 great orbs of eyes
  3 rakshasas
  A hell beast (Depths:1)
  2 salamander tyrants (Snake:1)
  4 ghost crabs
  A spriggan air mage (Depths:1)
  7 ironbound frosthearts
  7 alligators
  An ogre mage (D:12)
  5 centaur warriors
  8 boulder beetles
  A peacekeeper (Vaults:3)
  5 anacondas
  8 death yaks
  8 tengu warriors
  Urug (Lair:4)
  A vampire mage (Depths:1)
  3 deep troll earth magi
  3 two-headed ogres
  15 dancing weapons
  7 orc high priests
  A hell hog (Depths:1)
  11 naga warriors
  15 naga sharpshooters
  13 deep elf knights
  3 spriggan berserkers
  A hell knight (Depths:2)
  6 shock serpents
  A wretched star (Abyss:1)
  12 spriggans
  A sun demon (Depths:2)
  2 iron trolls
  2 skysharks
  3 skeletal warriors
  A death drake (Swamp:3)
  9 salamander mystics
  3 sixfirhies
  9 spriggan druids
  5 goliath frogs
  5 sea snakes (Snake:4)
  16 mana vipers
  34 deep trolls
  A glowing orange brain (Vaults:1)
  10 swamp dragons
  6 ironbound convokers
  6 arcanists
  6 bog bodies
  An orange crystal statue (Gauntlet)
  6 naga ritualists
  A phantasmal warrior (D:13)
  17 lindwurms
  4 large abominations
  A harpy (shapeshifter) (Abyss:2)
  3 orc knights
  2 tengu zombies
  15 deep elf archers
  29 deep elf pyromancers
  5 orc sorcerers
  22 ugly things
  4 necromancers
  17 salamanders
  21 deep elf zephyrmancers
  An oklob plant (D:10)
  7 will-o-the-wisps
  4 elephants
  6 manticores
  2 worldbinders (Abyss:1)
  10 cyclopes
  3 meliai (Lair:4)
  2 ice statues (IceCv)
  2 smoke demons (Abyss:2)
  2 apocalypse crabs (Abyss:1)
  35 black mambas
  19 vault sentinels
  3 guardian serpents (Snake:4)
  4 kobold blastminers
  Maggie (D:6)
  12 naga magi
  3 gargoyles
  A torpor snail (Lair:4)
  4 rime drakes
  19 cane toads
  4 kobold demonologists
  3 freezing wraiths
  2 elf zombies
  3 efreet
  17 yaktaurs
  2 anaconda simulacra (IceCv)
  A yaktaur skeleton (Vaults:1)
  6 komodo dragons
  6 ice devils
  11 tengu conjurers
  2 polar bears
  2 hydra zombies (Swamp:3)
  9 trolls
  13 hornets
  A bloated husk (Swamp:3)
  A queen bee (Lair:4)
  A tarantella (shapeshifter) (D:14)
  11 blink frogs
  10 tyrant leeches
  3 raiju (Abyss:3)
  A glass eye (D:12)
  23 slime creatures
  4 air elementals
  A shadow (D:10)
  An ettin skeleton (Vaults:2)
  4 dire elephant simulacra (IceCv)
  A water elemental (Elf:3)
  4 wraiths
  A yak (shapeshifter) (D:10)
  3 wyverns
  36 yaks
  7 basilisks
  4 fire bats
  6 hogs (D:15)
  4 wargs
  A golden eye (shapeshifter) (D:15)
  A steam dragon (D:8)
  A death yak simulacrum (IceCv)
  3 fire elementals
  16 humans (D:13)
  13 vampire mosquitoes
  6 chaos spawn
  Edmund (D:6)
  4 harpy simulacra (IceCv)
  29 nagas
  A neqoxec (Gauntlet)
  An acid dragon (D:9)
  19 swamp worms
  12 water moccasins
  8 swamp drakes
  A glowing shapeshifter skeleton (Vaults:1)
  An ice beast (D:6)
  2 sky beasts
  A laughing skull (D:14)
  2 elephant zombies (D:7)
  26 orc warriors
  A black bear (D:5)
  3 ogres
  A boggart (D:12)
  A wolf (Lair:4)
  13 starcursed masses
  5 centaurs
  A phantom (D:4)
  2 human zombies (Vaults:2)
  17 bullfrogs
  2 brain worms (Abyss:2)
  A weeping skull (D:7)
  10 kobold brigands
  3 gnoll sergeants
  The ghost of riffraff the Vexing, an amateur SpHs (D:5)
  Blork the orc (D:6)
  5 scorpions
  A cane toad simulacrum (IceCv)
  3 earth elementals (Elf:1)
  3 small abominations
  A wyvern zombie (D:8)
  7 wights (D:8)
  33 killer bees
  2 electric eels
  8 howler monkeys
  A lava snake (Lair:3)
  3 centaur zombies
  3 quasits
  7 jellies
  Crazy Yiuf (D:6)
  A bombardier beetle (D:6)
  34 orc priests
  5 hounds
  Jessica (D:2)
  A gnoll bouda (D:8)
  2 scorpion zombies (D:7)
  Natasha (twice) (D:2)
  3 iguanas
  42 orc wizards
  A spriggan simulacrum (IceCv)
  A polar bear simulacrum (IceCv)
  A troll simulacrum (IceCv)
  5 hound zombies (D:7)
  8 gnolls
  14 adders
  2 shadow imps
  14 white imps
  5 ufetubi
  2 adder zombies (D:7)
  3 dart slugs
  5 ribbon worms
  107 orcs
  13 ball pythons
  8 endoplasms
  9 giant cockroaches
  4 goblins
  10 hobgoblins
  12 quokkas
  3 training dummies (Orc:1)
  5 bats
  5 frilled lizards
  13 kobolds
  10 rats
  A starspawn tentacle (Abyss:2)
1615 creatures vanquished.

Vanquished Creatures (collateral kills)
  A profane servitor (Abyss:1)
  A large abomination (Abyss:1)
  2 starcursed masses (Abyss:1)
4 creatures vanquished.

Vanquished Creatures (others)
  Asterion (Snake:3)
  A fire giant (Depths:1)
  2 ogre magi (Abyss:3)
  An anaconda (Snake:4)
  A naga warrior (Snake:4)
  A naga sharpshooter (Snake:4)
  A deep elf knight (Elf:2)
  2 sea snakes (Snake:4)
  A naga ritualist (Snake:4)
  2 deep elf zephyrmancers
  A deep elf pyromancer (Elf:2)
  A naga mage (Snake:4)
  4 guardian serpents
  2 black mambas (Snake:4)
  2 bloated husks
  5 fire bats (Abyss:3)
  3 chaos spawn (Abyss:3)
  3 nagas (Snake:4)
  An orc priest (Orc:2)
  A killer bee zombie (D:7)
  20 foxfires
  2 starspawn tentacles (Abyss:2)
58 creatures vanquished.

Grand Total: 1677 creatures vanquished

Notes
Turn   | Place    | Note
-------+----------+-------------------------------------------
     0 | D:1      | sono the Gargoyle Fighter began the quest for the Orb.
     0 | D:1      | Reached XP level 1. HP: 14/14 MP: 1/1
   314 | D:1      | Reached XP level 2. HP: 15/19 MP: 2/2
   717 | D:2      | Reached skill level 4 in Fighting
   717 | D:2      | Reached XP level 3. HP: 24/24 MP: 3/3
   749 | D:2      | Noticed Natasha
   758 | D:2      | Killed Natasha
   954 | D:2      | Noticed Natasha
   961 | D:2      | Killed Natasha
   962 | D:2      | Reached XP level 4. HP: 29/30 MP: 4/4
   964 | D:2      | Noticed Jessica
   974 | D:2      | Killed Jessica
  1095 | D:2      | Found a faded altar of an unknown god.
  1233 | D:2      | Reached XP level 5. HP: 34/34 MP: 5/5
  1953 | D:3      | Found a glowing drain.
  1979 | Sewer    | Entered a sewer
  1998 | Sewer    | Noticed a kobold brigand
  2021 | Sewer    | Killed a kobold brigand
  2022 | Sewer    | Reached skill level 5 in Fighting
  2022 | Sewer    | Reached XP level 6. HP: 24/40 MP: 6/6
  2310 | Sewer    | Reached skill level 5 in Armour
  2529 | Sewer    | Reached XP level 7. HP: 41/44 MP: 7/7
  2566 | Sewer    | Reached skill level 5 in Maces & Flails
  2810 | Sewer    | Reached skill level 6 in Fighting
  3394 | D:3      | Reached XP level 8. HP: 48/51 MP: 8/8
  3512 | D:3      | Found a bloodstained altar of Trog.
  4842 | D:5      | Entered Level 5 of the Dungeon
  4990 | D:5      | Found a hide-covered altar of Uskayaw.
  5036 | D:5      | Found a runed translucent gate.
  5037 | D:5      | Found a runed translucent gate.
  5037 | D:5      | Noticed riffraff's ghost (amateur SpHs)
  5038 | D:5      | Found a runed translucent gate.
  5235 | D:5      | Found a sacrificial altar of Ru.
  5979 | D:5      | Killed riffraff's ghost
  6127 | D:6      | Reached skill level 7 in Fighting
  6127 | D:6      | Reached XP level 9. HP: 41/57 MP: 9/9
  6195 | D:6      | Found a sparkling altar of Nemelex Xobeh.
  6467 | D:6      | You fall into a shaft and drop 1 floor!
  6795 | D:6      | Noticed Maggie
  6811 | D:6      | Killed Maggie
  6863 | D:6      | Found a blossoming altar of Fedhas.
  6883 | D:6      | Noticed Blork the orc
  6889 | D:6      | Killed Blork the orc
  6922 | D:6      | Noticed Edmund
  6938 | D:6      | Killed Edmund
  7118 | D:6      | Found a white marble altar of Elyvilon.
  7118 | D:6      | Found an ornate altar of the Wu Jian Council.
  7480 | D:6      | Found a runed translucent door.
  7481 | D:6      | Noticed Crazy Yiuf
  7493 | D:6      | Killed Crazy Yiuf
  7566 | D:7      | Reached XP level 10. HP: 62/64 MP: 10/10
  7636 | D:7      | Found Egusuypy's Jewellery Boutique.
  7673 | D:7      | Found a staircase to the Ecumenical Temple.
  7676 | D:7      | Found an ancient bone altar of Kikubaaqudgha.
  7683 | Temple   | Entered the Ecumenical Temple
  7685 | Temple   | Reached skill level 8 in Fighting
  7702 | Temple   | Became a worshipper of Gozag Ym Sagoz the Greedy
  7818 | D:7      | Reached skill level 10 in Armour
  7835 | D:7      | Identified the +1 ring mail of Absence {Str+3}
  8121 | D:7      | Found a shadowy altar of Dithmenos.
  8424 | D:8      | Reached skill level 10 in Maces & Flails
  8656 | D:8      | Found Suclinga's Antique Weapon Shop.
  8755 | D:8      | Found a basalt altar of Yredelemnul.
  9235 | D:7      | Bought the amulet "Uthireutz" {rF+ Regen+ SInv} for 723
                  | gold pieces
  9881 | D:9      | Found a hazy altar of Hepliaklqana.
 10095 | D:10     | Entered Level 10 of the Dungeon
 10104 | D:10     | Identified a scroll of acquirement
 10239 | D:10     | Found a staircase to the Lair.
 10240 | D:10     | Noticed an oklob plant
 10303 | D:10     | Reached skill level 9 in Fighting
 10303 | D:10     | Reached XP level 11. HP: 70/71 MP: 11/11
 10303 | D:10     | Noticed a cyan ugly thing
 10303 | D:10     | Noticed a cyclops
 10303 | D:10     | Noticed a four-headed hydra
 10303 | D:10     | Noticed a centaur warrior
 10658 | D:9      | Acquired a +6 morningstar of protection
 10704 | D:10     | Killed a four-headed hydra
 10729 | D:10     | Killed an oklob plant
 10741 | Lair:1   | Entered Level 1 of the Lair of Beasts
 11209 | Lair:1   | Identified the +0 buckler of the Good {+Blink Will- Str+2
                  | Dex+2}
 11272 | Lair:1   | Reached skill level 10 in Fighting
 11857 | Lair:2   | Noticed a seven-headed hydra
 11865 | Lair:2   | Killed a seven-headed hydra
 12001 | Lair:2   | Reached XP level 12. HP: 78/78 MP: 12/12
 12020 | Lair:2   | Noticed a skyshark
 12031 | Lair:2   | Killed a skyshark
 12178 | Lair:2   | Noticed an eight-headed hydra
 12178 | Lair:2   | Noticed a seven-headed hydra
 12558 | Lair:2   | Killed a seven-headed hydra
 12559 | Lair:2   | Reached skill level 11 in Fighting
 13085 | Lair:2   | Killed an eight-headed hydra
 13124 | Lair:2   | Found a staircase to the Swamp.
 13585 | Lair:3   | Identified the +10 glaive "Masimn" {holy, MP-9 Int+2 SInv}
 13646 | Lair:3   | Found a staircase to the Snake Pit.
 13796 | Lair:3   | Found an iron altar of Okawaru.
 13842 | Lair:3   | Noticed Gastronok
 13859 | Lair:3   | Killed Gastronok
 13917 | Lair:3   | Noticed a death yak
 13918 | Lair:3   | Noticed a death yak
 13918 | Lair:3   | Noticed a death yak
 13947 | Lair:2   | Killed a death yak
 13948 | Lair:2   | Reached skill level 12 in Fighting
 13954 | Lair:3   | Noticed a death yak
 13965 | Lair:2   | HP: 3/81 [death yak (9)]
 13972 | Lair:2   | Killed a death yak
 13984 | Lair:2   | Killed a death yak
 13985 | Lair:2   | Reached XP level 13. HP: 39/86 MP: 13/13
 15526 | Lair:4   | Reached skill level 13 in Fighting
 15872 | Lair:4   | Got Ejacude's Exposition on Fateful Anthracomancy
 15924 | Lair:4   | Found a runed translucent door.
 16235 | Lair:4   | Found a staircase to the Slime Pits.
 16275 | Lair:4   | Noticed Urug
 16303 | Lair:4   | Killed Urug
 16501 | Lair:4   | Noticed an azure jelly
 16510 | Lair:4   | Killed an azure jelly
 16511 | Lair:4   | Reached skill level 15 in Armour
 17269 | Lair:5   | Entered Level 5 of the Lair of Beasts
 17317 | Lair:5   | Reached skill level 15 in Maces & Flails
 17351 | Lair:5   | Reached skill level 14 in Fighting
 17351 | Lair:5   | Gained mutation: Your large and strong wings let you fly.
                  | [Gargoyle growth]
 17351 | Lair:5   | Reached XP level 14. HP: 96/96 MP: 14/14
 17367 | Lair:5   | Found a gate leading to a gauntlet.
 17385 | Gauntlet | Entered a Gauntlet
 17385 | Gauntlet | Found a runed translucent door.
 17385 | Gauntlet | Found a transporter.
 17385 | Gauntlet | Found a runed translucent door.
 17385 | Gauntlet | Found a transporter.
 17396 | Gauntlet | Found a transporter.
 17400 | Gauntlet | Found a transporter.
 17409 | Gauntlet | Found a transporter.
 17412 | Gauntlet | Found a transporter.
 17420 | Gauntlet | Found a transporter.
 17439 | Gauntlet | Found a transporter.
 17443 | Gauntlet | Found a runed translucent door.
 17457 | Gauntlet | Found a transporter.
 17458 | Gauntlet | Found a transporter.
 17473 | Gauntlet | Found a transporter.
 17477 | Gauntlet | Found a transporter.
 17956 | Gauntlet | HP: 2/96 [death scarab[an orange crystal statue] (33)]
 18203 | Gauntlet | Identified the ring "Nekususe" {Fly AC+4}
 18224 | Gauntlet | Identified the +9 sling "Voxom" {drain, rC+ Int+4}
 18224 | Gauntlet | Identified the +1 dire flail "Dalan" {vamp, Int+4 Dex+4}
 18224 | Gauntlet | Identified the +8 ice dragon scales "Cafar" {rF- rC++
                  | Will++}
 18224 | Gauntlet | Identified the ring of Xirheis {AC+4 SInv}
 18973 | Lair:5   | Noticed Sonja
 19010 | Abyss:1  | Cast into level 1 of the Abyss (Sonja)
 19134 | Abyss:1  | Noticed a cacodemon
 19141 | Lair:5   | Escaped the Abyss
 19436 | Abyss:1  | Found a corrupted altar of Lugonu.
 19436 | Abyss:1  | Cast into level 1 of the Abyss (Sonja)
 19446 | Abyss:1  | Noticed a bone dragon
 19523 | Abyss:1  | Reached skill level 15 in Fighting
 19562 | Abyss:1  | Noticed an ironbound thunderhulk
 19565 | Abyss:1  | Noticed a cyan very ugly thing
 19570 | Abyss:1  | Noticed an ironbound thunderhulk
 19570 | Abyss:1  | Noticed an ironbound thunderhulk
 19572 | Abyss:1  | Noticed an ironbound thunderhulk
 19592 | Abyss:1  | Noticed a profane servitor
 19592 | Abyss:1  | Noticed a starcursed mass
 19608 | Abyss:1  | Paralysed by accursed screaming for 1 turns
 19636 | Abyss:1  | Killed a profane servitor
 19741 | Abyss:1  | Noticed a starcursed mass
 19750 | Abyss:1  | Paralysed by accursed screaming for 2 turns
 19753 | Lair:5   | Escaped the Abyss
 20608 | D:11     | Reached XP level 15. HP: 103/103 MP: 15/15
 20858 | D:11     | Found a stormy altar of Qazlal.
 21151 | D:12     | Noticed a tengu reaver
 21161 | D:12     | Found a frozen archway.
 21208 | IceCv    | Entered an ice cave
 21445 | IceCv    | Reached skill level 16 in Fighting
 21846 | D:12     | Found a radiant altar of Vehumet.
 21891 | D:12     | Found a transporter.
 22354 | D:12     | Found a staircase to the Orcish Mines.
 22891 | D:13     | Identified the +1 chain mail of the Dropbear {rElec rC+
                  | rCorr Stlth-}
 23399 | D:13     | Identified the ring "Fudan" {rF+ Str+4 SInv}
 23399 | D:13     | Noticed Rupert
 24018 | Orc:1    | Entered Level 1 of the Orcish Mines
 24654 | Orc:1    | Found Coleryiss's Firing Range.
 24725 | Orc:1    | Found a runed translucent door.
 24726 | Orc:1    | Found Ysatil's Antique Weapon Shoppe.
 24726 | Orc:1    | Noticed mihai's ghost (journeyman MiFi)
 25392 | Orc:1    | Killed mihai's ghost
 25405 | Orc:1    | Got the Tome of Anemomancy and Hypothermia
 25634 | Orc:2    | Entered Level 2 of the Orcish Mines
 25661 | Orc:1    | Reached skill level 1 in Evocations
 26244 | Orc:2    | Found a staircase to the Elven Halls.
 26571 | Orc:2    | Paralysed by an orc sorcerer for 5 turns
 26590 | Orc:2    | Paralysed by an orc sorcerer for 3 turns
 26874 | Orc:2    | Paralysed by an orc sorcerer for 2 turns
 27445 | Orc:2    | Found Weuku's Antique Weapon Boutique.
 27454 | Orc:2    | Reached skill level 17 in Fighting
 27459 | Orc:2    | Found Bolaak Tyih's Book Boutique.
 27460 | Orc:2    | Found Houmnion's Weapon Shop.
 27463 | Orc:2    | Found Zycank's Distillery.
 27487 | Orc:2    | Bought a potion of berserk rage for 65 gold pieces
 27487 | Orc:2    | Bought a potion of attraction for 39 gold pieces
 27879 | D:13     | Noticed Snorg
 27889 | D:13     | Killed Snorg
 28005 | D:13     | Killed Rupert
 28232 | D:14     | Found a gate to the Vaults.
 28756 | D:13     | Reached XP level 16. HP: 105/112 MP: 16/16
 29492 | D:13     | Reached skill level 18 in Fighting
 29538 | D:13     | Reached skill level 1 in Throwing
 29596 | D:14     | Noticed a storm dragon
 29780 | D:14     | Killed a storm dragon
 30067 | D:14     | Noticed a storm dragon
 30082 | D:14     | Killed a storm dragon
 30364 | D:14     | Identified the +1 cloak of the Desert {Dex+3}
 31414 | D:15     | Entered Level 15 of the Dungeon
 31660 | D:15     | Noticed Roxanne
 31842 | D:15     | Found a portal to a secret trove of treasure.
 32518 | D:15     | Reached skill level 19 in Fighting
 32646 | D:15     | Found a staircase to the Depths.
 32695 | D:15     | Noticed Kirke
 32883 | D:15     | Noticed a sphinx
 32886 | D:15     | Killed Kirke
 33204 | D:15     | Reached skill level 5 in Evocations
 33389 | D:15     | Killed Roxanne
 33390 | D:15     | Reached XP level 17. HP: 115/122 MP: 17/17
 33569 | Depths:1 | Entered Level 1 of the Depths
 34019 | Swamp:1  | Entered Level 1 of the Swamp
 34023 | Swamp:1  | Found an opulent altar of Gozag.
 35863 | Swamp:2  | Found a glowing golden altar of the Shining One.
 36429 | Swamp:3  | Identified the +5 spear of the World {flame, rPois Will+}
 36435 | Swamp:3  | Paralysed by a fenstrider witch for 2 turns
 36479 | Swamp:2  | Reached skill level 20 in Fighting
 36672 | Swamp:2  | Paralysed by a fenstrider witch for 5 turns
 36752 | Swamp:2  | Acquired the +4 cloak "Ciasuw" {Fly rC+ rN+ Slay+3}
 37436 | Swamp:3  | Got Gloorx Vloq's Compendium of Reanimation Made Easy
 38010 | Swamp:4  | Entered Level 4 of the Swamp
 38170 | Swamp:3  | Reached XP level 18. HP: 129/129 MP: 18/18
 38294 | Swamp:3  | Reached skill level 5 in Shields
 39454 | Swamp:4  | Got a decaying rune of Zot
 40003 | Snake:1  | Entered Level 1 of the Snake Pit
 40740 | Snake:1  | Noticed Mlioglotl
 40780 | Snake:1  | Noticed a bone dragon
 40808 | Lair:3   | Killed Mlioglotl
 41992 | Snake:1  | Reached skill level 21 in Fighting
 42939 | Snake:3  | Identified the serpent talisman "Fiaqiel" {Int+2}
 42939 | Snake:3  | Noticed Aizul
 42951 | Snake:3  | Killed Aizul
 43161 | Snake:3  | Reached XP level 19. HP: 137/137 MP: 19/19
 44175 | Snake:3  | Noticed Asterion
 44199 | Snake:3  | Killed Asterion
 44763 | Snake:3  | Noticed Bai Suzhen
 44791 | Snake:3  | Killed Bai Suzhen
 45460 | Snake:4  | Entered Level 4 of the Snake Pit
 45509 | Snake:4  | Noticed Mara
 45539 | Snake:4  | Noticed Louise
 45583 | Snake:4  | Killed Louise
 45750 | Snake:4  | Noticed sono's illusion
 46305 | Snake:4  | Identified the ring of Brilliance {rN++ SInv}
 46603 | Snake:4  | Found Pappaon's Antique Weapon Boutique.
 46607 | Snake:4  | Found Lyeqau's Distillery.
 46613 | Snake:4  | Bought a potion of curing for 42 gold pieces
 46613 | Snake:4  | Bought a potion of curing for 42 gold pieces
 46613 | Snake:4  | Bought a potion of heal wounds for 70 gold pieces
 47246 | Snake:4  | Noticed sono's illusion
 47603 | Elf:1    | Entered Level 1 of the Elven Halls
 47893 | Elf:1    | Paralysed by an air elemental for 1 turns
 47895 | Elf:1    | Paralysed by an air elemental for 1 turns
 48326 | Elf:1    | Reached skill level 1 in Spellcasting
 48467 | Elf:1    | Identified the +0 quarterstaff of Ghostly Innocence
                  | {freeze, rPois rC+}
 48809 | Abyss:2  | Found a corrupted altar of Lugonu.
 48809 | Abyss:2  | Cast into level 2 of the Abyss (a deep elf sorcerer)
 48837 | Abyss:2  | Noticed a Hell Sentinel
 48844 | Abyss:2  | Killed a Hell Sentinel
 49023 | Elf:1    | Escaped the Abyss
 49051 | Abyss:3  | Cast into level 3 of the Abyss (a deep elf sorcerer)
 49183 | Abyss:3  | Got an abyssal rune of Zot
 49198 | Abyss:3  | Reached skill level 22 in Fighting
 49228 | Abyss:3  | Noticed an ancient lich
 49244 | Abyss:3  | Noticed an ancient lich
 49246 | Abyss:3  | Killed an ancient lich
 49259 | Abyss:3  | Killed an ancient lich
 49260 | Abyss:3  | Reached XP level 20. HP: 66/145 MP: 22/24
 49270 | Elf:1    | Escaped the Abyss
 49943 | Depths:1 | Paralysed by a vampire knight for 2 turns
 50099 | Depths:1 | Paralysed by a vampire knight for 2 turns
 50332 | Depths:1 | Bought a pair of runed boots for 240 gold pieces
 50361 | Depths:1 | Noticed Barug's ghost (adept TrMo)
 50371 | Depths:1 | Found a runed translucent door.
 50762 | Depths:1 | Noticed a bone dragon
 50789 | Depths:1 | Found a gateway to Hell.
 51125 | Depths:1 | Found a white marble altar of Elyvilon.
 51984 | D:7      | Bought a ring of magical power for 300 gold pieces
 52301 | Snake:4  | Noticed sono's illusion
 52320 | Snake:3  | Killed Mara
 52364 | Snake:4  | Bought a potion of might for 56 gold pieces
 52434 | Snake:4  | Noticed Nikola
 52465 | Snake:4  | Killed Nikola
 53048 | Snake:4  | Got a serpentine rune of Zot
 53534 | Orc:2    | Bought a potion of curing for 39 gold pieces
 53534 | Orc:2    | Bought a potion of curing for 39 gold pieces
 53919 | D:15     | You paid a toll of 20 potions of curing to enter a treasure
                  | trove
 53920 | Trove    | Entered a treasure trove
 53971 | Trove    | Identified the ring "Bimi" {rF- rN+ Will++ SInv}
 53973 | Trove    | Identified the ring "Gueluk" {rN+ SInv}
 53996 | Trove    | Identified the +7 hand cannon of Motriext {flame, Will+
                  | Str+3}
 53998 | Trove    | Identified the +8 morningstar "Ruuleysh" {protect, *Rage
                  | Dex+4 SInv}
 54434 | Vaults:1 | Entered Level 1 of the Vaults
 55565 | Depths:1 | Bought the +7 great mace "Firestarter" {flame, immolate,
                  | rFlCloud rF++} for 1637 gold pieces
 55565 | Depths:1 | Found the +7 great mace "Firestarter" {flame, immolate,
                  | rFlCloud rF++}
 56345 | Vaults:1 | Reached skill level 5 in Spellcasting
 57454 | Vaults:2 | Reached XP level 21. HP: 144/152 MP: 28/28
 58581 | Vaults:2 | Reached skill level 23 in Fighting
 59224 | Vaults:2 | Found a transporter.
 59274 | Vaults:2 | Found a bloodstained altar of Trog.
 59274 | Vaults:2 | Found the necklace of Bloodlust {Fury *Rage Will++ Int-3
                  | Slay+6}
 59341 | Vaults:2 | Found a transporter.
 60564 | Vaults:1 | Acquired the +4 helmet of the Three Nightcaps {+Blink rC-
                  | rN+++ Dex+2}
 61915 | Depths:1 | Killed Barug's ghost
 62173 | Depths:2 | Found a one-way gate leading to the halls of Pandemonium.
 62538 | Depths:2 | Gained mutation: You are dopey. (Int -2) [a cacodemon]
 62722 | Hell     | Entered the Vestibule of Hell
 62722 | Hell     | Noticed Geryon
 62945 | Depths:2 | Paralysed by a sphinx for 3 turns
 64409 | Vaults:3 | Found a staircase to the Crypt.
 64409 | Vaults:3 | Found a basalt altar of Yredelemnul.
 64410 | Vaults:3 | Found an ancient bone altar of Kikubaaqudgha.
 65369 | Vaults:3 | Reached skill level 24 in Fighting
 65379 | Vaults:3 | Reached XP level 22. HP: 154/161 MP: 30/30
 65997 | Vaults:3 | Found a transporter.
 65998 | Vaults:3 | Noticed a golden dragon
 66008 | Vaults:3 | Found a transporter.
 68194 | D:12     | Found a transporter.
 69059 | Vaults:4 | Identified the +1 tower shield of the Realm of Zot {+Inv
                  | rC+ Will- rCorr}
 69059 | Vaults:4 | Noticed Mennas
 69518 | Elf:1    | Got the Vellum of Exhumation
 71162 | Elf:2    | Found a runed translucent gate.
 71162 | Elf:2    | Found a runed translucent gate.
 71162 | Elf:2    | Found a runed translucent gate.
 71714 | Elf:3    | Entered Level 3 of the Elven Halls
 72575 | Elf:3    | Identified the +7 dagger of Causality {spect, rCorr}
 72583 | Elf:3    | Shot with an arrow by a deep elf master archer

Illustrated notes

Levels and vault maps discovered:
D:1:      spicycebolla_arrival_clurvy, layout_loops_cross
D:2:      kennysheep_six_static_rooms, layout_loops_corners,
          ebering_ecumenical_altar_rust, uniq_jessica, uniq_natasha
D:3:      layout_basic, mainiacjoe_overflow_tiny_flanked, gup_sewer_entry_pipe
D:4:      minmay_skewed_foursquare, layout_basic
D:5:      layout_loops_corners, nicolae_ru_awakened_eye,
          nicolae_uskayaw_murder_on_the_dancefloor, gammafunk_ghost_split,
          eino_tiny_chamber
D:6:      layout_loops_ring, mainiacjoe_overflow_alcove_2,
          mainiacjoe_overflow_surrounded_room, jmf_multi_god_temple,
          uniq_blork_the_orc, uniq_crazy_yiuf_cottage, uniq_maggie, uniq_edmund
D:7:      layout_basic, lemuel_coloured_pillars_altar,
          minmay_temple_entry_mini_moons, serial_shops, nicolae_shop_tiny_glass,
          roadster_capsule_ark_zombie
D:8:      layout_loops_ring, lemuel_zombie_altar_yredelemnul, serial_shops,
          shop, minmay_misc_feat_tiny, kennysheep_diamond
D:9:      layout_basic, nicolae_hepliaklqana_hazy_memory
D:10:     minmay_the_grid_octo_triangle [minmay_the_grid_octo_vomiting_pacman,
          minmay_the_grid_octo_prize_star, minmay_the_grid_octo_horde],
          layout_long_grid, dpeg_oklobed_lair, nrook_uturn
D:11:     layout_basic, grunt_qazlal_sundering
D:12:     gammafunk_sealed_library, layout_gridville, hiddenorc1_lemuel,
          portal_ice_cave_entry_imps
D:13:     layout_irregular_city, uniq_rupert, uniq_snorg
D:14:     nicolae_fronds_of_death, layout_cave_pods, david_vaults_3,
          nicolae_tricolors
D:15:     hangedman_depths_entry_civil_slaughter, layout_stronghold,
          skrybe_limestone_x, nicolae_trove_entry_free_sample,
          hangedman_decor_diamond_cutter, uniq_kirke, uniq_roxanne
Temple:   nicolae_temple_bog_church
Lair:1:   layout_regular_city, serial_rivers, chequers_serial_rivers_large_b,
          chequers_serial_rivers_micro_b, chequers_serial_rivers_room_a,
          chequers_serial_rivers_micro_c, chequers_serial_rivers_micro_a,
          chequers_serial_rivers_large_a
Lair:2:   layout_layer_cave, palyth_hydra_swamp_entry,
          cheibrodos_lair_reptile_den, serial_bayou_shore_a
Lair:3:   layout_gridlike, alex1729_snake_entry_snake, basic_altar,
          minivault_26, uniq_gastronok
Lair:4:   regret_index_wax_grids, layout_layer_cave, slime_entry_2,
          minivault_25, nicolae_lair_time_for_slime, grunt_megastairs_2,
          uniq_urug
Lair:5:   minmay_lair_end_frog_pond, layout_cave_pods, gauntlet_entry_generic,
          st_stairs_4, infiniplex_staircase_pool, serial_bayou_shore_b,
          uniq_sonja
Swamp:1:  layout_basic_swamp, basic_altar, swamp_pool_1_2,
          nicolae_swamp_triple_paths
Swamp:2:  layout_falls_marsh, nicolae_swamp_godswood,
          nicolae_swamp_decorative_isthmus
Swamp:3:  nzn_winding_woodlands_cross
          [nzn_winding_woodlands_5x15_pathside_ponds,
          nzn_winding_woodlands_5x15_pool, nzn_winding_woodlands_5x15_pockets,
          nzn_winding_woodlands_5x15_cabin,
          nzn_winding_woodlands_15x15_witchcraft], layout_basic_swamp,
          evilmike_swamp_ruin_house_2, swamp_pool_4,
          nicolae_swamp_necromancy_gone_wrong
Swamp:4:  swamp, layout_basic_swamp
Snake:1:  cheibrodos_snake_lava_hold, layout_layer_cave,
          nicolae_snake_mages_go_home, uniq_mlioglotl
Snake:2:  layout_rooms
Snake:3:  layout_cave_pods, uniq_bai_suzhen, uniq_asterion, uniq_aizul
Snake:4:  grunt_snake_rune_pools, layout_misc_corridors,
          serial_library_regret_index_multi, minmay_shoptagon, uniq_nikola,
          uniq_mara, uniq_louise
Orc:1:    layout_caves, ebering_ghost_reflecting_pool, serial_shops,
          nicolae_shop_trees, nicolae_shop_firing_range
Orc:2:    st_orc_mages, layout_diamond_mine
Elf:1:    nicolae_elf_arrival_no_cutting_in_line, layout_gridlike,
          minmay_elf_necromancy, nicolae_elf_variegated_diamond
Elf:2:    nicolae_elf_blades_crystal_corner, layout_gridlike
Elf:3:    minmay_elf_hall_quartered_circle, layout_geoelf_octagon, drop_trap,
          uniq_zenata
Vaults:1: v_alt_pattern_1, hangedman_vaults_river_flow,
          ontoclasm_vaults_misaligned, nicolae_vaults_more_shelving_1,
          ontoclasm_vaults_gateway, nicolae_vaults_tetromino_Z_2,
          nicolae_vaults_storage_room_statues, nicolae_vaults_tangram_2,
          layout_vaults_omnigrid
Vaults:2: hangedman_vaults_nails, nicolae_vaults_offset_grid_hallway_2,
          nicolae_vaults_bisected_slash, grunt_vaults_hallway_short,
          v_alt_pattern_1, emtedronai_trogs_sanctum, hangedman_vaults_trim,
          ontoclasm_vaults_shuriken, nicolae_vaults_house_2,
          nicolae_vaults_storage_closets_2, hangedman_vaults_nails,
          vaults_dpeg_ring, layout_vaults_omnicross
Vaults:3: gammafunk_sealed_arena, nicolae_vaults_inception_scallops,
          nicolae_vaults_ellipses_ellipsis, vaults_room_ringed_pool,
          nicolae_vaults_bisected_exclaves, v_misc_24, v_pattern_5, v_misc_28,
          vaults_standard_mumra_enter_the_diamond, v_misc_18,
          nicolae_vaults_hallways_thing, vaults_room_octagon,
          nicolae_vaults_apartment_2, minmay_crypt_entry_necro_gods,
          nicolae_vaults_trapezoid_lopsided_1, nicolae_vaults_tetromino_T_1,
          layout_vaults_maze
Vaults:4: vaults_room_door_hall, v_rooms_1, nicolae_vaults_trapezoid_4,
          hangedman_vaults_stagger, nicolae_vaults_storage_room_glass,
          ontoclasm_vaults_ligature, grunt_vaults_hallway_short,
          nicolae_vaults_layer_cake_slice, nicolae_vaults_storage_closets_3,
          layout_vaults_big_room, serial_shops, shop, uniq_mennas
Depths:1: layout_gridville, grunt_mini_vestibule,
          hellmonk_ghost_happy_afterlife, elyvilon_altar_5
Depths:2: minmay_bad_star, layout_honeycomb, grunt_hell_entry_dis_old,
          nicolae_dithmenos_shadow_blocks, grunt_pan_entry_spiral,
          ashenzari_conservatory_becter, infiniplex_staircase_river
Hell

Skill      XL: |  1  2  3  4  5  6  7  8  9 10 11 12 13 14 15 16 17 18 19 20 21 22 |
---------------+-------------------------------------------------------------------+-----
Fighting       | 4 5 6 7 9 10 12 14 15 17 19 20 21 22 24 | 24.9
Armour         | 4 5 6 7 9 11 12 14 15 16 17 18 19 20 22 23 | 23.1
Maces & Flails | 3 4 5 7 9 11 12 13 15 16 17 18 19 20 21 | 21.8
Evocations     | 2 5 6 7 8 9 |  9.0
Throwing       | 1 |  1.4
Shields        | 4 6 8 9 |  9.6
Spellcasting   | 2 5 |  5.4
Necromancy     | |  0.2

Action                     |  1- 3 |  4- 6 |  7- 9 | 10-12 | 13-15 | 16-18 | 19-21 | 22-24 || total
---------------------------+-------+-------+-------+-------+-------+-------+-------+-------++-------
  Melee: Flail             |   111 |   206 |   454 |       |       |       |       |       ||   771
         Morningstar       |       |       |   139 |   778 |  1474 |   643 |       |       ||  3034
         Eveningstar       |       |       |       |       |       |   697 |   955 |       ||  1652
         Great mace        |       |       |       |       |       |       |   436 |   325 ||   761
  Throw: Dart              |       |       |     1 |     2 |    12 |     6 |       |       ||    21
 Invoke: Potion Petition   |       |       |       |       |       |     1 |     2 |     2 ||     5
         Call Merchant     |       |       |       |       |       |       |     3 |       ||     3
Ability: Evoke Blink       |       |       |       |       |       |     1 |     1 |       ||     2
  Evoke: Wand              |       |       |       |       |     7 |       |       |     1 ||     8
    Use: Scroll            |       |     6 |       |    10 |    14 |    14 |     7 |       ||    51
         Potion            |       |       |       |     5 |     9 |     3 |     3 |       ||    20
   Stab: Distracted        |       |       |       |     2 |    12 |     7 |     6 |     4 ||    31
 Armour: Scale mail        |    63 |       |       |       |       |       |       |       ||    63
         Chain mail        |    47 |   159 |   307 |       |       |       |       |       ||   513
         Gold dragon scale |       |       |   155 |  1037 |  1523 |  1748 |  1947 |   457 ||  6867
         Ice dragon scales |       |       |       |       |    65 |       |       |       ||    65
         Skin              |       |       |       |       |       |     4 |     2 |       ||     6
  Dodge: Dodged            |    71 |    80 |   159 |   192 |   481 |   455 |   473 |   117 ||  2028
  Block: Buckler           |    30 |    37 |    70 |   199 |   247 |   279 |   238 |       ||  1100
         Tower shield      |       |       |       |       |       |       |    69 |       ||    69
